 Dungeon Crawl Stone Soup version 0.30-a0-800-g7c544603b3 (webtiles) character file.

Game seed: 1511677554380199473

1659 Hubris850 the Magician (level 8, -7/73 HPs)
             Began as a Purple Draconian Transmuter on Feb 22, 2023.
             Was an Initiate of Gozag.
             Killed by nerve-wracking pain
             ... invoked by a shadow imp
              (10 damage)
             ... on level 6 of the Dungeon.
             The game lasted 00:18:52 (5288 turns).

Hubris850 the Magician (DrTm)                       Turns: 5288, Time: 00:18:54

Health: -7/73      AC:  7    Str: 14    XL:     8   Next: 68%
Magic:  16/18      EV: 10    Int: 15    God:    Gozag
Gold:   141        SH:  0    Dex: 11    Spells: 10/20 levels left

rFire   x . .      SeeInvis .      - Unarmed
rCold   + + +      Faith    .    (shield currently unavailable)
rNeg    . . .      Spirit   .    (body armour unavailable)
rPois   +          Reflect  .    (helmet currently unavailable)
rElec   .          Harm     .    (cloak currently unavailable)
rCorr   .          Rampage  .    (gloves currently unavailable)
Will    +....                    (boots currently unavailable)
Stlth   +                        D - amulet of regeneration
HPRegen 1.12/turn                (no ring)
MPRegen 0.16/turn                (no ring)

@: ice-form, gold aura, slowed, very slow
A: freezing attack, amphibious, boosted hp, (breathe power), AC +6, large,
unfitting armour, (cold-blooded)
a: End Transformation, Renounce Religion, Potion Petition, Call Merchant, Bribe
Branch


You were on level 6 of the Dungeon.
You worshipped Gozag.
Gozag was aware of your devotion.
You were a creature of crystalline ice.
You visited 2 branches of the dungeon, and saw 7 of its levels.

You collected 272 gold pieces.
You spent 30 gold pieces at shops.
You paid 101 gold pieces to Gozag.

Inventory:

Hand Weapons
 c - a +0 hand axe
 d - a +0 whip of electrocution
 g - the +0 staff of Battle (melded)
   (You found it on level 6 of the Dungeon)

   It enhances your conjuration magic.
   It summons a battlesphere in combat, with strength depending on Conjurations
   skill.
   Its strikes trigger the battlesphere's blasts.
Missiles
 o - a throwing net
 y - 6 poisoned darts
Armour
 j - the +1 buckler of Ofaharia (melded) {Fly rPois Str+2}
   (You acquired it on level 6 of the Dungeon)

   Str:       It affects your strength (+2).
   rPois:     It protects you from poison.
   Fly:       It grants you flight.
 k - a +0 kite shield
 m - an orb of wrath
 p - a +1 buckler
 w - a +0 pair of boots (melded)
Jewellery
 b - an amulet of guardian spirit
 i - an amulet of reflection
 D - an amulet of regeneration (around neck)
Wands
 q - a wand of paralysis (8)
 x - a wand of mindburst (14)
 z - a wand of polymorph (3)
Scrolls
 e - 2 scrolls of fog
 f - 2 scrolls of teleportation
 h - 3 scrolls of poison {unknown}
 n - a scroll of amnesia {unknown}
 s - a scroll of vulnerability {unknown}
 u - a scroll of magic mapping {unknown}
Potions
 a - 2 potions of lignification
 l - a potion of degeneration {unknown}
 r - 2 potions of invisibility {unknown}
 t - a potion of flight {unknown}
 A - a potion of mutation {unknown}
 B - a potion of attraction {unknown}
 C - a potion of berserk rage {unknown}


   Skills:
 - Level 2.0 Fighting
 + Level 1.5 Staves
 - Level 3.7 Dodging
 + Level 1.5 Shields
 - Level 5.1 Unarmed Combat
 - Level 6.7 Spellcasting
 - Level 5.9 Transmutations
 - Level 3.8 Ice Magic


You had 10 spell levels left.
You knew the following spells:

 Your Spells              Type           Power      Damage    Failure   Level
a - Beastly Appendage     Tmut           44%        N/A       1%          1
b - Wereblood             Tmut           22%        N/A       1%          2
c - Spider Form           Tmut/Pois      14%        N/A       12%         3
d - Ice Form              Ice/Tmut       19%        N/A       19%         4

Your spell library contained the following spells:

 Spells                   Type           Power      Damage    Failure   Level
 Kiss of Death            Conj/Necr      20%        2d7       14%         1
 Necrotise                Necr           20%        1d5       14%         1
 Hailstorm                Conj/Ice       10%        3d5       19%         3
 Ignite Poison            Fire/Tmut/Pois 11%        N/A       19%         3
 Confusing Touch          Hex            5%         N/A       38%         3
 Kindle Blastsparks       Fire/Tloc/Air  10%        2d10      38%         3
 Vampiric Draining        Necr           5%         2d6       38%         3
 Dispel Undead            Necr           5%         3d7       80%         4
 Freezing Cloud           Conj/Ice/Air   4%         6-21      92%         5
 Agony                    Necr           5%         N/A       98%         5
 Simulacrum               Ice/Necr       Unusable   N/A       N/A         6

Dungeon Overview and Level Annotations

Branches:
Dungeon (6/15)             Temple (1/1) D:6

Altars:
Ashenzari
Dithmenos
Elyvilon
Gozag
Hepliaklqana
Nemelex Xobeh
Okawaru
Sif Muna
Vehumet
Xom
Yredelemnul
The Shining One

Shops:
D:6 ?

Annotations:
D:4 1 runed translucent door, teamwork's ghost, amateur DsAr


Innate Abilities, Weirdness & Mutations

You are a creature of crystalline ice.
You have a powerful freezing melee attack.
You are amphibious.
Your maximum health is increased.
Your armour is entirely melded.
You are incapable of wielding weapons or throwing items.
((You can breathe bolts of dispelling energy.))
((Your rich purple scales are hard. (AC +6)))
You cannot fit into any form of body armour.
((You are cold-blooded and may be slowed by cold attacks.))


Message History

The wraith is heavily damaged.
The shadow imp barely misses you. The white imp barely misses you.
The wraith hits you but does no damage.
The shadow imp hits you but does no damage.
The white imp gestures at you.
The puff of frost hits you but does no damage.
You resist. The wraith hits you!
* * * LOW HITPOINT WARNING * * *
The wraith drains your vigour!
You feel as though you will be slow longer.
You punch the shadow imp!
The shadow imp is almost dead.
The shadow imp hits you but does no damage.
The white imp hits you but does no damage.
The wraith hits you.
* * * LOW HITPOINT WARNING * * *
You hit the wraith but do no damage.
The wraith is heavily damaged.
The shadow imp completely misses you. The white imp closely misses you.
The wraith barely misses you.
You hit the wraith. You freeze the wraith.
The wraith is severely damaged.
The shadow imp hits you but does no damage.
The white imp hits you.
* * * LOW HITPOINT WARNING * * *
The white imp freezes you. You resist.
The wraith is distracted by your dazzling golden aura.
The shadow imp hits you but does no damage.
The white imp gestures at you. The puff of frost misses you.
The puff of frost hits the wraith.
The wraith resists.
The wraith is no longer distracted by gold.
The wraith hits you.
* * * LOW HITPOINT WARNING * * *
You hit the wraith but do no damage.
The wraith is almost destroyed.
The shadow imp gestures at you. Pain shoots through your body!
You die...
Your body crumbles into a pile of gold.

...###.### #.##
...#.....##...# .#..
...#.....#..... .#..
......[.....# .. ....
.#.#.....#.....# ..#
.#.#.....##...# ...
.#.###.#####.#####.###..
.#.......#⌠...⌠#.5$.[...
.......#.#.....#Y#°....
#####.......⌠..W.5.#
###..#.....#.###
##.#⌠...⌠#.# #.###.###.#
#.........# ###########


You could see a wraith, a white imp and a shadow imp.

Vanquished Creatures
  Sigmund (D:2)
  A water moccasin (D:6)
  Duvessa (D:5)
  2 black bears
  A centaur (D:6)
  An ogre (D:6)
  3 phantoms
  2 scorpions
  Dowan (D:5)
  A howler monkey (D:5)
  An orc priest (D:4)
  4 hounds
  2 jellies
  An iguana (D:4)
  2 orc wizards
  4 gnolls
  6 adders
  A shadow imp (D:5)
  2 ufetubi (D:5)
  A worm (D:2)
  A dart slug (D:1)
  15 orcs
  11 endoplasms
  4 giant cockroaches
  7 goblins
  7 hobgoblins
  3 jackals (D:4)
  5 kobolds
  2 quokkas
  4 ball pythons
  7 bats
  2 frilled lizards
  6 rats
112 creatures vanquished.

Vanquished Creatures (others)
  An orc wizard (D:6)
  2 withered plants (D:4)
3 creatures vanquished.

Grand Total: 115 creatures vanquished

Notes
Turn   | Place    | Note
-------+----------+-------------------------------------------
     0 | D:1      | Hubris850 the Draconian Transmuter began the quest for the
                  | Orb.
     0 | D:1      | Reached XP level 1. HP: 16/16 MP: 3/3
   226 | D:1      | Reached XP level 2. HP: 23/23 MP: 5/5
   561 | D:1      | Found a faded altar of an unknown god.
   669 | D:1      | Reached XP level 3. HP: 29/29 MP: 6/6
  1284 | D:2      | Noticed Sigmund
  1298 | D:2      | Killed Sigmund
  1299 | D:2      | Reached skill level 3 in Spellcasting
  1299 | D:2      | Reached XP level 4. HP: 13/36 MP: 6/8
  1299 | D:2      | Reached XP level 5. HP: 15/41 MP: 6/9
  1408 | D:2      | Learned a level 2 spell: Wereblood
  1907 | D:3      | You fall into a shaft and drop 2 floors!
  1907 | D:5      | Entered Level 5 of the Dungeon
  1966 | D:5      | Noticed a phantom
  2076 | D:4      | Reached XP level 6. HP: 21/48 MP: 8/10
  2522 | D:4      | Learned a level 3 spell: Spider Form
  2527 | D:4      | Learned a level 4 spell: Ice Form
  2880 | D:4      | Found a runed translucent door.
  2880 | D:4      | Noticed teamwork's ghost (amateur DsAr)
  3421 | D:5      | Noticed Duvessa
  3423 | D:5      | Noticed Dowan
  3437 | D:5      | Killed Duvessa
  3438 | D:5      | Your scales start taking on a rich purple colour.
  3438 | D:5      | Reached skill level 4 in Spellcasting
  3438 | D:5      | Reached XP level 7. HP: 10/55 MP: 10/14
  3441 | D:5      | HP: 2/55 [acid (1)]
  3443 | D:5      | Reached skill level 5 in Unarmed Combat
  3628 | D:5      | Killed Dowan
  3706 | D:5      | Reached skill level 5 in Spellcasting
  3729 | D:5      | Reached skill level 1 in Ice Magic
  3787 | D:5      | Reached skill level 5 in Transmutations
  3787 | D:5      | Reached XP level 8. HP: 34/61 MP: 16/16
  4364 | D:6      | Found Ufriurev's Magic Scroll Shop.
  4381 | D:6      | Reached skill level 6 in Spellcasting
  4391 | D:6      | Bought a scroll of identify for 30 gold pieces
  4861 | D:6      | Found a staircase to the Ecumenical Temple.
  4878 | Temple   | Entered the Ecumenical Temple
  4941 | Temple   | Became a worshipper of Gozag Ym Sagoz the Greedy
  4982 | D:6      | Found the +0 staff of Battle
  5175 | D:6      | Reached skill level 1 in Staves
  5175 | D:6      | Reached skill level 1 in Shields
  5224 | D:6      | Identified a scroll of acquirement
  5225 | D:6      | Acquired the +1 buckler of Ofaharia {Fly rPois Str+2}
  5287 | D:6      | HP: 2/73 [wraith (6)]
  5288 | D:6      | Killed from afar by a shadow imp

Illustrated notes

Levels and vault maps discovered:
D:1:      dpeg_arrival_houses_and_road, layout_loops_ring,
          nicolae_ecumenical_lake_church, minmay_misc_feat_enclosed,
          hangedman_decor_clover_reticule
D:2:      layout_loops_ring, uniq_sigmund
D:3:      layout_rooms, mainiacjoe_overflow_24_doors, serial_shops,
          nicolae_shop_hallway_plus, amcnicky_mini_rare_corridor_liquid,
          uniq_robin
D:4:      layout_basic, gammafunk_ghost_grave
D:5:      layout_basic, minmay_misc_feat_square, uniq_duvessa
D:6:      layout_basic, minmay_temple_entry_offerings, serial_shops,
          shop_fountains, nicolae_concentric_dashed_squares_wild,
          minmay_chambers_of_fives
Temple:   nicolae_temple_godzebo

Skill      XL: |  1  2  3  4  5  6  7  8 |
---------------+-------------------------+-----
Dodging        | 2 3 |  3.7
Fighting       | 2 |  2.0
Unarmed Combat | 4 5 |  5.1
Spellcasting   | 3 4 5 6 |  6.7
Transmutations | 3 4 5 |  5.9
Ice Magic      | 2 3 |  3.8
Staves         | 1 |  1.5
Shields        | 1 |  1.5

Action                     |  1- 3 |  4- 6 |  7- 9 || total
---------------------------+-------+-------+-------++-------
  Melee: Whip              |    77 |   123 |       ||   200
         Unarmed           |     8 |     7 |   158 ||   173
         Hand axe          |     7 |       |       ||     7
         Tailslap          |     9 |    10 |    17 ||    36
         Punch             |     1 |     2 |     4 ||     7
         Kick              |     9 |    20 |     3 ||    32
         Headbutt          |       |     6 |     3 ||     9
         Staff             |       |       |    24 ||    24
   Cast: Beastly Appendage |     5 |    16 |     3 ||    24
         Wereblood         |       |     5 |     4 ||     9
         Spider Form       |       |     1 |     6 ||     7
         Ice Form          |       |       |     1 ||     1
Ability: Breathe Dispellin |       |       |     6 ||     6
    Use: Potion            |       |     5 |     1 ||     6
         Scroll            |       |       |     6 ||     6
   Stab: Sleeping          |     1 |     1 |       ||     2
 Armour: Skin              |    23 |    46 |    70 ||   139
  Dodge: Dodged            |    56 |    68 |   159 ||   283
  Block: Other             |       |    37 |    45 ||    82
         Buckler           |       |       |     6 ||     6
         Reflection        |       |       |     2 ||     2

Table legend: (Time is in decaauts)
 A = Elapsed time spent in this place.
 B = Non-inter-level travel time spent in this place.
 C = Inter-level travel time spent in this place.
 D = Time resting spent in this place.
 E = Time spent auto-exploring this place.
 F = Levels seen in this place.
 G = Mean time per level.
                   A        B        C        D        E       F      G
               +--------+--------+--------+--------+--------+-----+--------+
         Total |   5313 |   5218 |     95 |    507 |   3474 |   7 |  759.0 |
       Dungeon |   5221 |   5155 |     66 |    507 |   3456 |   6 |  870.2 |
        Temple |     92 |     63 |     29 |      0 |     18 |   1 |   92.0 |
               +--------+--------+--------+--------+--------+-----+--------+

Top non-repeatable levels by time:
     D:4: 1657 daAuts
     D:1: 1046 daAuts
     D:6: 840 daAuts
     D:2: 817 daAuts
     D:5: 800 daAuts
  Temple: 92 daAuts
     D:3: 58 daAuts
